Map: Затон РВ

Players

ИИ 1 (знаток)

  • Race: Terran Terran
  • Spawn Location: 11:00

Doll - Winner!

  • Race: Zerg Zerg
  • Spawn Location: 5:00

VOD

Have the link to the VOD?

Description

Time

  • Played on: Jan. 16, 2021, 11:42 a.m.
  • Length: 11:44
Show
View Real Time Build Order
Export as new Build Order

ИИ 1 (знаток) Terran 

Build Orders:  

Get SALT Encoding   

  12  0:00  SCV  
  13  0:13  SCV  
  14  0:19  Supply Depot  
  14  0:25  SCV  
  15  0:40  SCV  
  15  0:42  Barracks  
  16  0:49  Refinery  
  16  0:52  SCV  
  17  1:04  SCV  
  18  1:16  SCV  
  19  1:20  Supply Depot  
  19  1:28  Marine  
  19  1:29  SCV  
  21  1:40  Barracks  
  21  1:42  Orbital Command  
  21  1:46  Marine  
  22  1:48  Refinery  
  22  2:04  Barracks Tech Lab  
  22  2:06  Supply Depot  
  22  2:19  Factory  
  22  2:22  Marine  
  16  2:41  Marauder  
  18  2:54  SCV  
  19  3:06  Starport, SCV  
  19  3:11  Marine  
  21  3:17  Marine  
  21  3:18  SCV  
  23  3:29  Marine  
  23  3:30  SCV  
  25  3:35  Marine  
  26  3:43  SCV  
  26  3:44  Starport Tech Lab  
  26  3:46  Marine  
  28  3:53  Supply Depot  
  28  4:05  Marauder, Banshee  
  33  4:12  SCV  
  34  4:24  SCV, Engineering Bay  
  34  4:26  Marauder  
  37  4:36  SCV  
  37  4:38  Supply Depot  
  38  4:48  SCV, Banshee  
  42  4:55  Barracks Tech Lab  
  42  4:57  Factory Tech Lab, Factory  
  42  5:01  SCV  
  43  5:13  SCV  
  44  5:16  Starport  
  44  5:25  Siege Tank  
  47  5:37  Supply Depot  
  47  5:39  Stimpack  
  47  5:40  Factory Tech Lab  
  47  5:41  Marine  
  42  5:48  Marine  
  41  5:53  Starport Tech Lab  
  41  5:55  Combat Shield  
  41  5:59  Marine  
  42  6:06  Marine  
  42  6:08  Widow Mine  
  45  6:12  Terran Infantry Weapons Level 1  
  45  6:17  Marine  
  46  6:23  Marine  
  47  6:26  Command Center  
  47  6:35  Marine  
  48  6:41  Marine  
  49  6:53  Marauder  
  51  7:00  Marauder  
  53  7:14  Concussive Shells  
  53  7:16  Siege Tank  
  56  7:27  Missile Turret  
  56  7:35  Missile Turret  
  56  7:39  SCV x2  
  56  7:41  Siege Tank  
  61  7:47  Refinery  
  61  7:48  Widow Mine  
  63  7:51  SCV  
  63  7:52  SCV  
  65  8:03  SCV  
  65  8:04  SCV  
  67  8:06  Refinery, Terran Infantry Armor Level 1  
  67  8:14  Bunker  
  67  8:15  SCV  
  67  8:16  SCV  
  69  8:20  Supply Depot  
  69  8:21  Raven  
  71  8:27  SCV  
  71  8:28  SCV  
  73  8:36  Missile Turret  
  73  8:40  SCV x2  
  75  8:43  Raven  
  77  8:50  Supply Depot  
  77  8:52  SCV  
  78  8:57  Barracks  
  78  9:17  Command Center  
  66  9:25  Marine, Factory  
  66  9:28  Marine  
  45  9:43  Marine x2  
  47  9:46  Marauder  
  47  9:48  Starport  
  49  10:01  Marine  
  49  10:03  Barracks Reactor, Medivac  
  51  10:07  Marine  
  51  10:08  Widow Mine, Factory Tech Lab  
  51  10:13  Banshee  
  57  10:19  Marine  
  58  10:25  Marine  
  55  10:33  Medivac  
  48  10:37  Marine  
  48  10:40  Marine  
  39  10:43  Marine x2  
  35  10:53  SCV  
  35  10:55  Marauder, Raven  
  38  10:58  Marine  
  38  11:03  Viking  
  17  11:26  SCV  
  17  11:31  SCV  
Show
View Real Time Build Order
Export as new Build Order

Doll Zerg - Winner!

Build Orders: Pool First 

Get SALT Encoding   

  12  0:01  Drone  
  13  0:12  Overlord  
  13  0:18  Drone  
  14  0:36  Spawning Pool  
  14  0:38  Drone  
  14  0:42  Drone  
  15  0:46  Drone  
  16  0:51  Extractor  
  16  0:54  Drone  
  16  1:23  Zergling x6  
  19  1:35  Hatchery  
  19  1:36  Drone  
  19  1:44  Queen  
  21  1:52  Overlord  
  21  2:01  Metabolic Boost  
  21  2:07  Extractor  
  21  2:08  Drone  
  21  2:12  Drone  
  22  2:20  Drone  
  22  2:30  Lair  
  22  2:35  Drone  
  22  2:43  Drone  
  22  2:50  Drone x2  
  24  2:56  Drone  
  24  2:57  Drone  
  26  2:58  Zergling x2  
  27  3:24  Hatchery, Zergling x2  
  27  3:26  Drone  
  28  3:30  Zergling x2  
  29  3:35  Drone  
  29  3:36  Drone  
  29  3:38  Drone  
  32  3:42  Drone  
  32  3:44  Drone  
  32  3:47  Drone  
  35  3:50  Drone  
  36  3:55  Overlord  
  36  4:04  Hydralisk Den  
  35  4:10  Infestation Pit  
  35  4:12  Spore Crawler  
  35  4:13  Drone  
  35  4:15  Drone  
  35  4:18  Drone  
  35  4:21  Drone  
  35  4:22  Drone  
  38  4:31  Drone  
  39  4:33  Drone, Baneling Nest  
  39  4:35  Drone  
  40  4:45  Roach Warren  
  39  4:48  Queen  
  39  4:52  Zergling x4  
  43  4:55  Zergling x2  
  43  4:58  Overlord  
  43  4:59  Overseer  
  44  5:02  Drone  
  45  5:07  Drone  
  45  5:08  Drone  
  45  5:09  Overlord  
  45  5:11  Overseer  
  47  5:15  Drone  
  47  5:16  Drone  
  47  5:17  Drone  
  50  5:24  Baneling x7  
  50  5:27  Roach  
  52  5:30  Roach  
  52  5:32  Roach  
  58  5:35  Roach  
  58  5:40  Roach  
  58  5:41  Roach  
  59  5:43  Roach  
  56  5:50  Hydralisk x2  
  56  5:51  Hydralisk  
  58  5:58  Roach x2  
  58  5:59  Roach  
  64  6:09  Overlord x2  
  64  6:18  Spore Crawler  
  64  6:20  Infestor, Spine Crawler  
  64  6:22  Drone  
  65  6:25  Overlord  
  65  6:29  Extractor  
  65  6:31  Drone x5, Extractor  
  68  6:33  Queen  
  68  6:38  Zergling x4  
  72  6:44  Zergling x2  
  72  6:45  Drone, Zergling x2  
  75  6:55  Hydralisk  
  75  6:56  Hydralisk  
  75  6:57  Zergling x2  
  80  7:07  Infestor  
  82  7:09  Infestor  
  82  7:10  Hatchery  
  82  7:12  Drone  
  82  7:13  Drone  
  82  7:15  Drone  
  86  7:16  Drone  
  86  7:19  Overlord  
  87  7:23  Drone x2  
  87  7:29  Overlord  
  89  7:31  Overseer  
  89  7:34  Overlord  
  89  7:38  Hive  
  89  7:40  Drone  
  89  7:42  Drone  
  89  7:43  Drone  
  92  7:47  Hydralisk  
  92  7:49  Hydralisk  
  96  7:53  Burrow  
  96  7:57  Glial Reconstitution  
  96  8:00  Centrifical Hooks  
  96  8:05  Hydralisk  
  96  8:06  Zergling x2  
  96  8:07  Zergling x2  
  96  8:08  Zergling x4  
  96  8:09  Zergling x2  
  96  8:10  Zergling x2  
  96  8:12  Zergling x2  
  105  8:21  Overlord  
  105  8:22  Hydralisk x2  
  109  8:31  Swarm Host x2  
  109  8:32  Evolution Chamber  
  109  8:33  Zergling x2, Evolution Chamber  
  109  8:34  Zergling x2  
  115  8:35  Drone  
  115  8:37  Drone, Evolution Chamber  
  115  8:38  Drone  
  115  8:40  Drone  
  119  8:41  Drone  
  119  8:43  Drone  
  119  8:44  Drone  
  119  8:46  Drone  
  119  8:47  Drone  
  123  8:52  Drone  
  123  8:53  Overlord  
  123  8:55  Overlord  
  124  8:57  Overlord  
  124  9:07  Drone x2  
  124  9:08  Drone x2, Spire  
  127  9:11  Overlord  
  127  9:13  Overlord  
  127  9:15  Zergling x2  
  117  9:26  Overlord  
  117  9:27  Hydralisk, Overlord  
  117  9:28  Hydralisk  
  117  9:29  Zergling x4  
  117  9:30  Zergling x4  
  120  9:31  Zergling x2  
  120  9:33  Baneling x2  
  120  9:34  Baneling x2  
  120  9:35  Baneling x2  
  120  9:36  Baneling  
  120  9:37  Baneling x2  
  121  9:38  Baneling  
  121  9:39  Baneling x2  
  121  9:40  Baneling x2  
  121  9:43  Overlord  
  121  9:44  Hydralisk  
  123  9:47  Drone x2  
  123  9:48  Drone  
  123  9:49  Drone  
  123  9:50  Drone  
Tags
 
Matchup
ЗvТ
Opening
Pool First
Spawn Locations
Cross Positions
Add a new tag
Caveats
  • Supply blocks, unpowered buildings, or Contaminate may cause inaccurate times.
  • Supply counts are checked every 10 seconds.